 Dungeon Sprint DCSS version 0.27-a0-1291-geefcff550b (webtiles) character file.

Game seed: 5592367262735991238

9581 mhtbhm the Eclecticist (level 11, -19/48 HPs)
             Began as a Spriggan Earth Elementalist on June 15, 2021.
             Was the Champion of Vehumet.
             Shot with an arrow by a deep elf master archer (31 damage)
             ... in the Dungeon (Sprint III: "The Ten Rune Challenge").
             The game lasted 00:07:13 (2180 turns).

mhtbhm the Eclecticist (SpEE)                       Turns: 2180, Time: 00:07:14

Health: -19/48     AC:  2    Str:  4    XL:     11   Next: 24%
Magic:  20/36      EV: 19    Int: 21    God:    Vehumet [******]
Gold:   3302       SH:  0    Dex: 15    Spells: 27/50 levels left

rFire    . . .     SeeInvis +   o - +0 short sword (freeze)
rCold    . . .     Faith    .   (shield restricted)
rNeg     . . .     Spirit   .   b - +0 robe
rPois    .         Reflect  .   (helmet restricted)
rElec    .         Harm     .   (no cloak)
rCorr    .         Rampage  .   (gloves unavailable)
Will     +....     NoTele   +   (boots unavailable)
Stlth    +++.......             (no amulet)
HPRegen  0.16/turn              (no ring)
MPRegen  0.25/turn              (no ring)

@: very quick
A: very small, no large weapons, unfitting armour, see invisible, speed 3
a: Renounce Religion


You were in the Dungeon.
You worshipped Vehumet.
Vehumet was exalted by your worship.
You visited 1 branch You collected 3302 gold pieces.

Inventory:

Hand Weapons
 o - a +0 short sword of freezing (weapon)
Armour
 b - a +0 robe (worn)
Scrolls
 h - a scroll of blinking
 j - a scroll of holy word {unknown}
 k - 4 scrolls of identify
 l - a scroll of immolation {unknown}
Potions
 a - a potion of degeneration {unknown}
 c - 3 potions of curing
 d - a potion of heal wounds
 e - a potion of haste
 f - a potion of magic
 g - 2 potions of berserk rage
 m - a potion of attraction {unknown}
 n - 5 potions of mutation
Miscellaneous
 i - a piece from Xom's chessboard (15/15)


   Skills:
 + Level 0.7 Fighting
 + Level 5.7 Dodging
 + Level 6.0 Stealth
 + Level 20.4 Spellcasting
 + Level 3.5 Conjurations
 + Level 5.5 Transmutations
 + Level 0.6 Air Magic
 + Level 16.8 Earth Magic


You had 27 spell levels left.
You knew the following spells:

 Your Spells              Type           Power      Damage    Failure   Level
a - Sandblast             Erth           100%       2d20      0%          1
b - Passwall              Tmut/Erth      51%        N/A       1%          2
c - Stone Arrow           Conj/Erth      100%       3d13      1%          3
d - Lee's Rapid Deconstr  Erth           37%        3d20*     1%          5
e - Petrify               Tmut/Erth      62%        N/A       1%          4
f - Mephitic Cloud        Conj/Pois/Air  27%        N/A       1%          3
g - Fireball              Conj/Fire      14%        3d8       9%          5

Your spell library contained the following spells:

 Spells                   Type           Power      Damage    Failure   Level
 Iskenderun's Battlesphe  Conj           36%        2d9       4%          5
 Magic Dart               Conj           100%       1d8       1%          1
 Searing Ray              Conj           72%        3d6       1%          2
 Dazzling Flash           Conj/Hex       56%        N/A       1%          3
 Fulminant Prism          Conj/Hex       14%        3d9       3%          4
 Iskenderun's Mystic Bla  Conj/Tloc      28%        2d7       3%          4


Dungeon Overview and Level Annotations

Branches:
Dungeon (1/1)

Altars:
Cheibriados
Dithmenos
Elyvilon
Fedhas
Gozag
Hepliaklqana
Kikubaaqudgha
Makhleb
Nemelex Xobeh
Okawaru
Qazlal
Ru
Sif Muna
Trog
Uskayaw
Vehumet
Wu Jian
Xom
Yredelemnul
Zin
The Shining One
Beogh
Jiyva
Lugonu

Shops:
D *


Innate Abilities, Weirdness & Mutations

You are very small and have problems with some larger weapons.
You are too small for most types of armour.
You have supernaturally acute eyesight. (SInv)
You cover ground extremely quickly. (Speed+++)


Message History

Aiming: Petrify (safe; 1% risk of failure)
Press: ? - help, Shift-Dir - straight line, f/p - deep elf pyromancer
Aim: a deep elf pyromancer, wielding the +10 great mace of Chagrin {freeze, Int+3} and wearing a +1 robe of poison resistance (chance to affect: 62%)
The deep elf pyromancer is moving more slowly.
Unknown command.
Casting: Petrify (safe; 1% risk of failure)
Confirm with . or Enter, or press ? or * to list all spells.
Aiming: Lee's Rapid Deconstruction (safe; 1% risk of failure)
Press: ? - help, Dir - move target, f/p - deep elf pyromancer Fragment what (e.g. wall or brittle monster)?: a deep elf pyromancer, wielding the +10 great mace of Chagrin {freeze, Int+3} and wearing a +1 robe of poison resistance (petrifying slowly)
The deep elf pyromancer shatters!!!
The deep elf pyromancer is severely wounded.
Casting: Lee's Rapid Deconstruction (safe; 1% risk of failure)
Confirm with . or Enter, or press ? or * to list all spells.
Aiming: Lee's Rapid Deconstruction (safe; 1% risk of failure)
Press: ? - help, Dir - move target, f/p - deep elf pyromancer Fragment what (e.g. wall or brittle monster)?: a deep elf pyromancer, wielding the +10 great mace of Chagrin {freeze, Int+3} and wearing a +1 robe of poison resistance (severely wounded, petrifying slowly)
Okay, then.
The deep elf pyromancer stops moving altogether!
Casting: Lee's Rapid Deconstruction (safe; 1% risk of failure)
Confirm with . or Enter, or press ? or * to list all spells.
Aiming: Lee's Rapid Deconstruction (safe; 1% risk of failure)
Press: ? - help, Dir - move target, f/p - deep elf pyromancer Fragment what (e.g. wall or brittle monster)?: a deep elf pyromancer, wielding the +10 great mace of Chagrin {freeze, Int+3} and wearing a +1 robe of poison resistance (severely wounded, petrified)
The deep elf pyromancer shatters!!
You blow up the deep elf pyromancer!
Vehumet accepts your kill.
Vehumet offers you knowledge of Iskenderun's Battlesphere.
You feel your power returning.
The blast of petrified fragments hits the deep elf master archer!
The deep elf master archer is lightly wounded.
The deep elf master archer shouts!
You hear a shout!
The deep elf master archer shoots an arrow.
The arrow hits you!!!
Ouch! That really hurt!
* * * LOW HITPOINT WARNING * * *
The deep elf master archer shoots an arrow.
The arrow hits you!!
Ouch! That really hurt!
You die...

▓▓▓▓▓▓▓▓▓ ##
#.##....######## ##
_###.#∩.....'.#...# [[.
_#..÷)).....#.#...##≈≈≈≈
##........#.#)#...≈≈≈)e.
.#.........##.#)@.##≈
.#))####..#.#.))..#
'#)## #.##########
.#)#####################
.#).≈≈§§.#.')).'.#.#.#.+
.#.#≈§§#.#.#.).##.#.#.##
.))#)§§#.#.#...#.#.#.#.#
.#.#.§§#...#...##.#.#.#
▓▓▓▓▓▓▓▓▓▓▓▓▓▓▓#.#.#.#.#


You could see a deep elf master archer.

Vanquished Creatures
  A deep elf demonologist (D)
  A deep elf death mage (D)
  Erica (D)
  A centaur warrior (D)
  An orc high priest (D)
  A deep elf zephyrmancer (D)
  7 deep elf pyromancers (D)
  An orc knight (D)
  2 unseen horrors (D)
  3 wandering mushrooms (D)
  A shadow (D)
  A spatial vortex (D)
  3 orc warriors (D)
  A necrophage (D)
  2 centaurs (D)
  An earth elemental (D)
  A water elemental (D)
  A jelly (D)
  4 orc priests (D)
  Jessica (D)
  A wizard (D)
  A necromancer (D)
  2 orc wizards (D)
  3 humans (D)
  A kobold demonologist (D)
  A wolf (D)
  7 orcs (D)
  2 endoplasms (D)
  A rat (D)
54 creatures vanquished.

Notes
Turn   | Place    | Note
-------+----------+-------------------------------------------
     0 | D        | mhtbhm the Spriggan Earth Elementalist began the quest for
                  | the Orb.
     0 | D        | Reached XP level 1. HP: 9/9 MP: 5/5
    64 | D        | Reached skill level 3 in Spellcasting
   132 | D        | Noticed Jessica
   139 | D        | Killed Jessica
   140 | D        | Reached skill level 4 in Spellcasting
   140 | D        | Reached XP level 2. HP: 8/13 MP: 1/8
   140 | D        | Reached XP level 3. HP: 10/16 MP: 1/10
   273 | D        | Reached skill level 5 in Earth Magic
   374 | D        | Reached skill level 5 in Spellcasting
   377 | D        | Learned a level 2 spell: Passwall
   381 | D        | Learned a level 3 spell: Stone Arrow
   454 | D        | Noticed a water elemental
   476 | D        | Killed a water elemental
   477 | D        | Reached skill level 7 in Spellcasting
   477 | D        | Reached XP level 4. HP: 21/21 MP: 1/14
   591 | D        | Found a radiant altar of Vehumet.
   592 | D        | Found a shimmering blue altar of Sif Muna.
   592 | D        | Found an ancient bone altar of Kikubaaqudgha.
   592 | D        | Noticed a wizard
   593 | D        | Killed a wizard
   594 | D        | Reached XP level 5. HP: 24/24 MP: 12/16
   599 | D        | Reached skill level 8 in Spellcasting
   606 | D        | Became a worshipper of Vehumet
   658 | D        | Learned a level 5 spell: Lee's Rapid Deconstruction
   663 | D        | Learned a level 4 spell: Petrify
   677 | D        | Found a basalt altar of Yredelemnul.
   677 | D        | Found a shadowy altar of Dithmenos.
   677 | D        | Found a sacrificial altar of Ru.
   677 | D        | Noticed a necrophage
   680 | D        | Killed a necrophage
   681 | D        | Reached skill level 9 in Spellcasting
   681 | D        | Reached skill level 1 in Conjurations
   681 | D        | Reached XP level 6. HP: 24/28 MP: 3/19
   795 | D        | Found a glowing silver altar of Zin.
   795 | D        | Found a glowing golden altar of the Shining One.
   795 | D        | Found a white marble altar of Elyvilon.
   795 | D        | Noticed a deep elf pyromancer
   797 | D        | Killed a deep elf pyromancer
   797 | D        | Reached * piety under Vehumet
   797 | D        | Offered knowledge of Shock by Vehumet.
   798 | D        | Reached skill level 12 in Spellcasting
   798 | D        | Reached skill level 10 in Earth Magic
   798 | D        | Reached XP level 7. HP: 32/32 MP: 9/24
   881 | D        | Found a hide-covered altar of Uskayaw.
   881 | D        | Found an iron altar of Okawaru.
   881 | D        | Found a bloodstained altar of Trog.
   881 | D        | Found an ornate altar of the Wu Jian Council.
   881 | D        | Noticed a human
   881 | D        | Noticed a human
   883 | D        | Killed a human
   884 | D        | Reached skill level 13 in Spellcasting
   885 | D        | Killed a human
   945 | D        | Reached ** piety under Vehumet
   945 | D        | Noticed a shadow
   946 | D        | Reached XP level 8. HP: 36/36 MP: 15/26
   956 | D        | Offered knowledge of Foxfire by Vehumet.
  1082 | D        | Found a blossoming altar of Fedhas.
  1082 | D        | Found a stormy altar of Qazlal.
  1082 | D        | Found a snail-covered altar of Cheibriados.
  1082 | D        | Found a burning altar of Makhleb.
  1082 | D        | Found a shimmering altar of Xom.
  1083 | D        | Found a hazy altar of Hepliaklqana.
  1083 | D        | Found an opulent altar of Gozag.
  1083 | D        | Found a sparkling altar of Nemelex Xobeh.
  1083 | D        | Found a corrupted altar of Lugonu.
  1083 | D        | Found a viscous altar of Jiyva.
  1087 | D        | Reached skill level 5 in Stealth
  1087 | D        | Reached skill level 14 in Spellcasting
  1154 | D        | Noticed Erica
  1159 | D        | Killed Erica
  1159 | D        | Offered knowledge of Mephitic Cloud by Vehumet.
  1160 | D        | Reached skill level 15 in Spellcasting
  1296 | D        | Reached *** piety under Vehumet
  1297 | D        | Reached XP level 9. HP: 39/39 MP: 15/29
  1374 | D        | Learned a level 3 spell: Mephitic Cloud
  1376 | D        | Noticed a centaur warrior
  1382 | D        | Offered knowledge of Inner Flame by Vehumet.
  1384 | D        | Killed a centaur warrior
  1385 | D        | Reached skill level 16 in Spellcasting
  1474 | D        | Noticed an unseen horror
  1474 | D        | Noticed an unseen horror
  1477 | D        | Killed an unseen horror
  1477 | D        | Reached **** piety under Vehumet
  1481 | D        | Killed an unseen horror
  1482 | D        | Reached skill level 5 in Dodging
  1552 | D        | Noticed a wandering mushroom
  1556 | D        | Noticed a wandering mushroom
  1559 | D        | Killed a wandering mushroom
  1560 | D        | Reached skill level 17 in Spellcasting
  1561 | D        | Noticed a wandering mushroom
  1565 | D        | Killed a wandering mushroom
  1569 | D        | Killed a wandering mushroom
  1569 | D        | Offered knowledge of Fireball by Vehumet.
  1569 | D        | Reached ***** piety under Vehumet
  1570 | D        | Reached XP level 10. HP: 44/44 MP: 14/32
  1578 | D        | Learned a level 5 spell: Fireball
  1695 | D        | Found Rudd's Assorted Antiques.
  1696 | D        | Offered knowledge of Iron Shot by Vehumet.
  1696 | D        | Noticed an orc knight
  1705 | D        | Noticed an orc high priest
  1713 | D        | Killed an orc high priest
  1714 | D        | Reached skill level 18 in Spellcasting
  1714 | D        | Reached skill level 15 in Earth Magic
  1716 | D        | Killed an orc knight
  1717 | D        | Reached ****** piety under Vehumet
  1969 | D        | Noticed a deep elf pyromancer
  1969 | D        | Noticed a deep elf pyromancer
  1969 | D        | Noticed a deep elf pyromancer
  1969 | D        | Noticed a deep elf pyromancer
  1969 | D        | Noticed a deep elf pyromancer
  1978 | D        | Killed a deep elf pyromancer
  1978 | D        | Offered knowledge of Starburst by Vehumet.
  1979 | D        | Killed a deep elf pyromancer
  1980 | D        | Killed a deep elf pyromancer
  1981 | D        | Reached skill level 19 in Spellcasting
  1982 | D        | Killed a deep elf pyromancer
  1984 | D        | Killed a deep elf pyromancer
  2076 | D        | Noticed a deep elf zephyrmancer
  2076 | D        | Noticed a deep elf demonologist
  2080 | D        | Killed a deep elf zephyrmancer
  2081 | D        | Reached XP level 11. HP: 48/48 MP: 25/35
  2081 | D        | Noticed a deep elf death mage
  2083 | D        | Killed a deep elf demonologist
  2083 | D        | Killed a deep elf death mage
  2084 | D        | Reached skill level 20 in Spellcasting
  2084 | D        | Reached skill level 5 in Transmutations
  2084 | D        | Noticed a deep elf master archer
  2172 | D        | Identified the +10 great mace of Chagrin {freeze, Int+3}
  2172 | D        | Noticed a deep elf pyromancer
  2180 | D        | Killed a deep elf pyromancer
  2180 | D        | Offered knowledge of Iskenderun's Battlesphere by Vehumet.
  2180 | D        | Shot with an arrow by a deep elf master archer

Illustrated notes

Levels and vault maps discovered:
D:        dungeon_sprint_mu [sprint_mu_entry_cave, sprint_mu_temple_rooms,
          sprint_mu_d1_horrors, sprint_mu_d2_genie, sprint_mu_d3_branching,
          sprint_mu_orc_legion, sprint_mu_elf_gauntlet, sprint_mu_hive_nellie,
          sprint_mu_lair_fedhas, sprint_mu_vaults_butterflies,
          sprint_mu_slime_circle, sprint_mu_swamp_cave, sprint_mu_shoals_kraken,
          sprint_mu_blade_basic, sprint_mu_crypt_lich, sprint_mu_tomb_spiral,
          sprint_mu_vestibule_basic, sprint_mu_gehenna_hellfire,
          sprint_mu_dis_giant, sprint_mu_tartarus_statrot,
          sprint_mu_cocytus_islands, sprint_mu_zot1]

Skill      XL: |  1  2  3  4  5  6  7  8  9 10 11 |
---------------+----------------------------------+-----
Earth Magic    | 4 6 7 8 10 11 13 14 16 | 16.8
Dodging        | 4 5 |  5.7
Spellcasting   | 4 7 9 12 13 15 17 19 20 | 20.4
Stealth        | 4 5 6 |  6.0
Conjurations   | 1 2 3 |  3.5
Transmutations | 2 3 4 5 |  5.5
Fighting       | |  0.7
Air Magic      | |  0.6

Action                   |  1- 3 |  4- 6 |  7- 9 | 10-12 || total
-------------------------+-------+-------+-------+-------++-------
 Cast: Sandblast         |    27 |     3 |       |       ||    30
       Stone Arrow       |     2 |     3 |    11 |       ||    16
       Passwall          |     1 |       |       |     5 ||     6
       Lee's Rapid Decon |       |     4 |    23 |    26 ||    53
       Petrify           |       |       |     1 |     2 ||     3
       Mephitic Cloud    |       |       |     1 |     1 ||     2
  Use: Potion            |       |       |       |     1 ||     1
Dodge: Dodged            |     4 |     2 |     9 |     4 ||    19

Table legend: (Time is in decaauts)
 A = Elapsed time spent in this place.
 B = Non-inter-level travel time spent in this place.
 C = Inter-level travel time spent in this place.
 D = Time resting spent in this place.
 E = Time spent auto-exploring this place.
 F = Levels seen in this place.
 G = Mean time per level.
                   A        B        C        D        E       F      G
               +--------+--------+--------+--------+--------+-----+--------+
         Total |   2005 |   2005 |      0 |   1485 |     43 |   1 | 2005.0 |
       Dungeon |   2005 |   2005 |      0 |   1485 |     43 |   1 | 2005.0 |
               +--------+--------+--------+--------+--------+-----+--------+

Top non-repeatable levels by time:
       D: 2005 daAuts
